 Dungeon Crawl Stone Soup version 0.26.0-15-gc6cd9f700b (webtiles) character file.

Game seed: 1795282710262964504

45 Acheron the Firebug (level 3, -7/31 HPs)
             Began as a Troll Fire Elementalist on Jan 16, 2021.
             Mangled by a gnoll
             ... wielding a +2 flail of holy wrath
              (9 damage)
             ... on level 3 of the Dungeon.
             The game lasted 00:05:20 (1091 turns).

Acheron the Firebug (Troll Fire Elementalist)       Turns: 1091, Time: 00:05:20

Health: -7/31      AC:  6    Str: 14 (16) XL:     3   Next: 42%
Magic:  4/4        EV: 10    Int:  9 (11) God:
Gold:   93         SH:  0    Dex:  9 (11) Spells: 3/4 levels left

rFire    . . .     SeeInvis .     - Unarmed
rCold    . . .     Faith    .   (no shield)
rNeg     . . .     Spirit   .   a - +0 robe
rPois    .         Reflect  .   (helmet restricted)
rElec    .         Harm     .   (no cloak)
rCorr    .         Rampage  .   (gloves unavailable)
Will     .....                  (boots unavailable)
Stlth    +.........             (no amulet)
HPRegen  0.50/turn              (no ring)
MPRegen  0.09/turn              (no ring)

@: no status effects
A: large, unfitting armour, claws 3, regeneration 1, shaggy fur 1, tough skin 3
a: no special abilities


You were on level 3 of the Dungeon.
You visited 1 branch of the dungeon, and saw 4 of its levels.

You collected 93 gold pieces.

Inventory:

Missiles
 e - 3 curare-tipped darts
 h - 3 boomerangs
Armour
 a - a +0 robe (worn)
Jewellery
 d - an uncursed ring of poison resistance {unknown}
Scrolls
 b - a scroll of remove curse {unknown}
 g - a scroll of teleportation
 i - a scroll of fog {unknown}
 j - a scroll of fear {unknown}
Potions
 f - a potion of degeneration


   Skills:
 + Level 0.2 Fighting
 * Level 1.8 Dodging
 * Level 1.2 Stealth
 * Level 1.1 Unarmed Combat
 + Level 1.4 Spellcasting
 * Level 1.2 Conjurations
 + Level 2.4 Fire Magic


You had 3 spell levels left.
You knew the following spells:

 Your Spells              Type           Power        Failure   Level
a - Foxfire               Conj/Fire      12%          17%         1

Your spell library contained the following spells:

 Spells                   Type           Power        Failure   Level
 Conjure Flame            Conj/Fire      3%           45%         3
 Inner Flame              Hex/Fire       2%           54%         3
 Sticky Flame             Conj/Fire      3%           86%         4
 Fireball                 Conj/Fire      1%           99%         5


Dungeon Overview and Level Annotations

Branches:
Dungeon (4/15)
 Temple: D:4-7

Altars:
Ashenzari


Innate Abilities, Weirdness & Mutations

You are too large for most types of armour.
You have claws for hands.
Your natural rate of healing is unusually fast.
You are covered in fur. (AC +1)
You have extremely tough skin. (AC +3)


Message History

You feel weakened.
You feel dopey.
You feel clumsy. The gnoll completely misses you.
It was a potion of magic.
Magic courses through your body. The gnoll hits you but does no damage.
A giant cockroach comes into view.
Found 20 arrows.
There is a stone staircase leading up here.
You closely miss the gnoll.
The gnoll hits you with a +2 flail of holy wrath.
You scratch the gnoll.
The gnoll is lightly wounded.
The gnoll hits you with a +2 flail of holy wrath!
* * * LOW HITPOINT WARNING * * *
You scratch the gnoll.
The gnoll is moderately wounded.
The giant cockroach barely misses you.
You scratch the gnoll.
The gnoll is heavily wounded.
The gnoll hits you with a +2 flail of holy wrath!
You die...

.#*,#,*,* #.#.#.# #.# #B#,..#*,*
.##.#.#####.#.#.# #.# #.#...#*,*
........ยง...#.#.####.###.#...##.*
.##...................g.........,
.##.#.#######.#.####.###.#.#.##,*
....#.........#.####<...........,
.##.#...........................,
.##.#.........#B#.#.........###.*
..#.#..........g@..(........# *,*
..#.#.###.###..##.#.........# *,*
..........# #..##.#.....[...# #.#
.#..#.###.# #..#.......###### #.#
.#..#.###.# #..#.......# #.#
.##.......# #..#.......# #.#
.##...###.###..#.......# #.#
..#............#.......# #.#
.....>.........##.####.########.#


You could see a gnoll and a giant cockroach.

Vanquished Creatures
  2 adders
  A worm (D:2)
  A dart slug (D:1)
  5 goblins
  4 hobgoblins (D:1)
  3 kobolds
  A bat (D:1)
  A frilled lizard (D:1)
  6 rats
24 creatures vanquished.

Vanquished Creatures (others)
  2 foxfires (D:1)
2 creatures vanquished.

Grand Total: 26 creatures vanquished

Notes
Turn   | Place    | Note
-------+----------+-------------------------------------------
     0 | D:1      | Acheron the Troll Fire Elementalist began the quest for the
                  | Orb.
     0 | D:1      | Reached XP level 1. HP: 16/16 MP: 1/1
   252 | D:1      | Reached XP level 2. HP: 24/24 MP: 3/3
   478 | D:2      | Reached skill level 1 in Unarmed Combat
   695 | D:2      | Reached skill level 1 in Conjurations
   695 | D:2      | Reached XP level 3. HP: 24/31 MP: 4/4
   997 | D:2      | Found a broken altar of Ashenzari.
  1089 | D:3      | HP: 1/31 [gnoll/+2 flail of holy wrath (12)]
  1091 | D:3      | Mangled by a gnoll

Illustrated notes

Levels and vault maps discovered:
D:1:      dpeg_arrival_windows_large_door, layout_basic
D:2:      layout_loops_ring, evilmike_ruin_ashenzari, minitemple
D:3:      layout_basic, serial_glass, glass_columns_c, glass_columns_a
D:4:      layout_loops_corners, serial_shops, shop, uniq_grinder

Skill      XL: |  1  2 |
---------------+-------+-----
Unarmed Combat | 1 |  1.1
Conjurations   | 1 |  1.2
Fighting       | |  0.2
Dodging        | |  1.8
Stealth        | |  1.2
Spellcasting   | |  1.4
Fire Magic     | |  2.4

Action                   || total
-------------------------++-------
Melee: Unarmed           ||    79
 Cast: Foxfire           ||     1
  Use: Scroll            ||     4
       Potion            ||     2
 Stab: Sleeping          ||     1
Armor: Robe              ||    23
Dodge: Dodged            ||    33
